 Dungeon Crawl Stone Soup version 0.30-a0-639-g3916f1956a (webtiles) character file.

Game seed: 4384239765613769089

373 pokeman the Magician (level 6, -2/34 HPs)
             Began as a Deep Elf Hedge Wizard on Jan 15, 2023.
             Succumbed to a scorpion's poison
             ... on level 3 of the Dungeon.
             The game lasted 00:05:40 (2638 turns).

pokeman the Magician (Deep Elf Hedge Wizard)        Turns: 2638, Time: 00:05:41

Health: -2/34      AC:  4    Str:  7    XL:     6   Next: 43%
Magic:  11/17      EV: 13    Int: 21    God:
Gold:   139        SH:  0    Dex: 14    Spells: 9/17 levels left

rFire   + . .      SeeInvis .    o - +4 dagger (venom)
rCold   + . .      Faith    .    (no shield)
rNeg    . . .      Spirit   .    b - +0 robe
rPois   +          Reflect  .    g - +0 helmet
rElec   +          Harm     .    q - +0 cloak
rCorr   +          Rampage  .    (no gloves)
Will    .....                    (no boots)
Stlth   ++                       (no amulet)
HPRegen 0.25/turn                (no ring)
MPRegen 0.15/turn                (no ring)

@: lethally poisoned (-2 -> -15), resistant, very slightly contaminated
A: no striking features
a: no special abilities


You were on level 3 of the Dungeon.
You visited 1 branch of the dungeon, and saw 3 of its levels.

You collected 139 gold pieces.

Inventory:

Hand Weapons
 o - a +4 dagger of venom (weapon)
 p - a +2 quarterstaff of chaos
Armour
 b - a +0 robe (worn)
 g - a +0 helmet (worn)
 q - a +0 cloak (worn)
Scrolls
 e - 3 scrolls of identify {unknown}
 h - a scroll of blinking {unknown}
 i - a scroll of fog {unknown}
 j - a scroll of teleportation {unknown}
 l - 2 scrolls of magic mapping {unknown}
 r - a scroll of fear {unknown}
Potions
 a - a potion of haste
 c - 2 potions of brilliance
 d - a potion of magic
 k - a potion of degeneration {unknown}
 m - a potion of invisibility {unknown}
 n - 2 potions of curing {unknown}
 s - a potion of might {unknown}


   Skills:
 - Level 1.1 Fighting
 - Level 1.1 Armour
 - Level 3.0 Dodging
 - Level 3.0 Stealth
 * Level 6.1 Spellcasting
 + Level 5.2 Conjurations
 - Level 1.1 Summonings
 - Level 1.1 Translocations
 + Level 0.0 Air Magic
 + Level 0.0 Poison Magic


You had 9 spell levels left.
You knew the following spells:

 Your Spells              Type           Power      Damage    Failure   Level
a - Magic Dart            Conj           100%       1d8       1%          1
b - Mephitic Cloud        Conj/Pois/Air  13%        N/A       14%         3
c - Call Imp              Summ           11%        N/A       10%         2
d - Blink                 Tloc           22%        N/A       10%         2

Your spell library contained the following spells:

 Spells                   Type           Power      Damage    Failure   Level
 Freeze                   Ice            24%        1d4       10%         1
 Slow                     Hex            24%        N/A       10%         1
 Lesser Beckoning         Tloc           22%        N/A       10%         2
 Hailstorm                Conj/Ice       17%        3d6       10%         3
 Cigotuvi's Dreadful Rot  Necr/Pois/Air  12%        N/A       14%         2
 Gell's Gravitas          Tloc           11%        N/A       19%         3
 Teleport Other           Tloc           11%        N/A       19%         3
 Portal Projectile        Hex/Tloc       16%        N/A       22%         3
 Frozen Ramparts          Ice            12%        1d2       28%         3
 Tukima's Dance           Hex            6%         N/A       28%         3
 Blade Hands              Tmut           3%         N/A       95%         5


Dungeon Overview and Level Annotations

Branches:
Dungeon (3/15)

Altars:
Nemelex Xobeh


Message History

Nemelex Xobeh says, "You lose!"
A transporter appears.
You enter the transporter and appear at another place.
Casting: Magic Dart (safe; 1% risk of failure)
Confirm with . or Enter, or press ? or * to list all spells.
The spell is quite dangerous to miscast (14% risk of failure)!
Continue anyway?
Aiming: Mephitic Cloud (quite dangerous; 14% risk of failure)
Press: ? - help, Shift-Dir - straight line, f - ogre
Aim: an ogre, wielding a +0 giant club (chance to affect: 77%) That beam is likely to hit you.
Continue anyway?
You miscast Mephitic Cloud.
You are very lightly contaminated with residual magic.
Nothing appears to happen.
The scorpion stings you but does no damage.
The ogre hits you with a +0 giant club!
Casting: Mephitic Cloud (quite dangerous; 14% risk of failure)
Confirm with . or Enter, or press ? or * to list all spells.
The spell is quite dangerous to miscast (14% risk of failure)!
Continue anyway?
Aiming: Mephitic Cloud (quite dangerous; 14% risk of failure)
Press: ? - help, Shift-Dir - straight line, f/p - ogre
Aim: an ogre, wielding a +0 giant club (chance to affect: 77%) That beam is likely to hit you.
Continue anyway?
The ball explodes into a vile cloud!
The stinking cloud engulfs the ogre but does no damage.
The stinking cloud engulfs you but does no damage.
The stinking cloud engulfs the scorpion but does no damage.
The scorpion is engulfed in noxious fumes.
The scorpion appears confused.
The scorpion stings you but does no damage.
The ogre attacks as you move away!
The ogre hits you with a +0 giant club!!
Ouch! That really hurt!
* * * LOW HITPOINT WARNING * * *
The scorpion stings you.
* * * LOW HITPOINT WARNING * * *
You are lethally poisoned!
The scorpion poisons you!
The ogre is engulfed in noxious fumes.
It was a potion of resistance.
You feel protected.
You die...

........ #.#.####
..... .. #.#.# #.
#.#.# #. #.#.###.
▓▓▓▓▓▓▓#..##.#.#...
▓⌠...⌠▓#..#....#...
▓.@...▓#..#.#.)....
▓©sO.©▓#.......#...
▓☼○°..▓#.###...#...
▓⌠°..⌠▓#.# #.(##.#)
▓▓▓▓▓▓▓#.# #..##.#.
#§.....#.###..##.#.
#©_....'...........
#§.....#####..##.##
▓▓▓▓▓▓▓#.........#


You could see an ogre and a scorpion (confused).

Vanquished Creatures
  Sigmund (D:2)
  An orc priest (D:3)
  Crazy Yiuf (D:2)
  Natasha (thrice) (D:2)
  2 adders
  A worm (D:2)
  2 dart slugs
  5 orcs (D:3)
  4 ball pythons
  2 endoplasms
  2 giant cockroaches (D:1)
  6 goblins
  2 hobgoblins (D:3)
  2 jackals (D:1)
  5 kobolds
  3 quokkas
  2 bats
  4 frilled lizards
  7 rats
55 creatures vanquished.

Notes
Turn   | Place    | Note
-------+----------+-------------------------------------------
     0 | D:1      | pokeman the Deep Elf Hedge Wizard began the quest for the
                  | Orb.
     0 | D:1      | Reached XP level 1. HP: 10/10 MP: 7/7
    92 | D:1      | Reached XP level 2. HP: 16/16 MP: 3/9
   748 | D:1      | Reached skill level 5 in Spellcasting
   986 | D:2      | Reached XP level 3. HP: 20/20 MP: 5/11
   990 | D:2      | Learned a level 3 spell: Mephitic Cloud
   993 | D:2      | Learned a level 2 spell: Call Imp
   996 | D:2      | Learned a level 2 spell: Blink
  1273 | D:2      | Noticed Natasha
  1281 | D:2      | Killed Natasha
  1282 | D:2      | Reached skill level 1 in Fighting
  1282 | D:2      | Reached skill level 1 in Armour
  1282 | D:2      | Reached XP level 4. HP: 25/25 MP: 8/13
  1427 | D:2      | Noticed Sigmund
  1438 | D:2      | Killed Sigmund
  1439 | D:2      | Reached skill level 5 in Conjurations
  1439 | D:2      | Reached XP level 5. HP: 22/29 MP: 12/15
  1719 | D:2      | Found a runed translucent door.
  1720 | D:2      | Noticed Crazy Yiuf
  1735 | D:2      | Killed Crazy Yiuf
  1736 | D:2      | Reached XP level 6. HP: 34/34 MP: 9/16
  2159 | D:2      | Noticed Natasha
  2165 | D:2      | Killed Natasha
  2294 | D:2      | Noticed Natasha
  2302 | D:2      | Killed Natasha
  2356 | D:3      | Reached skill level 6 in Spellcasting
  2626 | D:3      | Found a sparkling altar of Nemelex Xobeh.
  2626 | D:3      | Found a transporter.
  2638 | D:3      | Succumbed to a scorpion's poison

Illustrated notes

Levels and vault maps discovered:
D:1:      wander_arrival_chamber, layout_basic, serial_aquarium,
          aquarium_bridge_square [aquarium_subvault_bridge,
          aquarium_subvault_wall, aquarium_subvault_window,
          aquarium_subvault_wall], aquarium_window_corner,
          aquarium_window_corner, aquarium_window_1, aquarium_window_2,
          aquarium_view_2e, aquarium_pool_2, columned_hall_lemuel
D:2:      layout_basic, uniq_crazy_yiuf_cottage, uniq_natasha, uniq_sigmund
D:3:      layout_loops_ring, grunt_nemelex_the_gamble

Skill      XL: |  1  2  3  4  5  6 |
---------------+-------------------+-----
Spellcasting   | 5 6 |  6.1
Fighting       | 1 |  1.1
Armour         | 1 |  1.1
Conjurations   | 2 5 |  5.2
Stealth        | 3 |  3.0
Dodging        | 3 |  3.0
Summonings     | |  1.1
Translocations | |  1.1

Action                   |  1- 3 |  4- 6 || total
-------------------------+-------+-------++-------
Melee: Dagger            |    12 |    30 ||    42
 Cast: Magic Dart        |    71 |    25 ||    96
       Mephitic Cloud    |     1 |     7 ||     8
       Call Imp          |       |     2 ||     2
  Use: Potion            |       |     1 ||     1
 Stab: Confused          |       |     5 ||     5
Armor: Robe              |       |     3 ||     3
Dodge: Dodged            |    11 |     9 ||    20

Table legend: (Time is in decaauts)
 A = Elapsed time spent in this place.
 B = Non-inter-level travel time spent in this place.
 C = Inter-level travel time spent in this place.
 D = Time resting spent in this place.
 E = Time spent auto-exploring this place.
 F = Levels seen in this place.
 G = Mean time per level.
                   A        B        C        D        E       F      G
               +--------+--------+--------+--------+--------+-----+--------+
         Total |   2637 |   2503 |    134 |     52 |   1861 |   3 |  879.0 |
       Dungeon |   2637 |   2503 |    134 |     52 |   1861 |   3 |  879.0 |
               +--------+--------+--------+--------+--------+-----+--------+

Top non-repeatable levels by time:
     D:2: 1351 daAuts
     D:1: 963 daAuts
     D:3: 321 daAuts
